 Dungeon Crawl Stone Soup version 0.18.1-6-gd335043 (webtiles) character file.

119 Kenran the Chopper (level 5, -2/45 HPs)
             Began as a Hill Orc Fighter on May 16, 2016.
             Killed by nerve-wracking pain
             ... invoked by an orc priest
              (11 damage)
             ... on level 3 of the Dungeon.
             The game lasted 00:05:30 (2013 turns).

Kenran the Chopper (Hill Orc Fighter)               Turns: 2013, Time: 00:05:30

Health: -2/45      AC: 12    Str: 19    XL:     5   Next: 3%
Magic:  5/5        EV:  7    Int:  8    God:
Gold:   161        SH:  0    Dex: 11    Spells: 0 memorised, 4 levels left

rFire  . . .     SeeInvis .     a - +0 war axe
rCold  . . .     Gourm    .     o - +0 chain mail
rNeg   . . .     Faith    .     (no shield)
rPois  .         Spirit   .     (no helmet)
rElec  .         Dismiss  .     (no cloak)
rCorr  .         Reflect  .     q - +1 pair of gloves
SustAt .         Harm     .     g - +0 pair of boots
MR     .....                    (no amulet)
Stlth  ..........               (no ring)
                                (no ring)

@: not resistant to hostile enchantments, extremely unstealthy
A: no striking features
a: Convert to Beogh


You were on level 3 of the Dungeon.
You were not hungry.

You visited 1 branch of the dungeon, and saw 3 of its levels.

You collected 161 gold pieces.

Inventory:

Hand Weapons
 a - a +0 war axe (weapon)
Armour
 g - a +0 pair of boots (worn)
 o - a +0 chain mail (worn)
 q - a +1 pair of gloves (worn)
Jewellery
 c - an uncursed ring of sustain attributes {unknown}
Scrolls
 b - 2 scrolls of remove curse {unknown}
 e - a scroll of identify {unknown}
 p - a scroll of enchant armour {unknown}
 t - 2 scrolls of noise {unknown}
 w - a scroll of teleportation {unknown}
 x - a scroll of immolation {unknown}
 y - 3 scrolls of recharging {unknown}
Potions
 d - 2 potions of might
 h - a potion of flight {unknown}
 i - a potion of invisibility {unknown}
 l - 2 potions of curing {unknown}
 m - a potion of lignification {unknown}
 n - 3 potions of heal wounds {unknown}
 r - a potion of brilliance {unknown}
 v - a potion of magic {unknown}
Comestibles
 f - 5 bread rations
 j - a meat ration
 k - a slice of pizza
 s - a beef jerky
 u - 3 chunks of flesh
 z - a royal jelly


   Skills:
 - Level 3.6 Fighting
 + Level 6.7 Axes
 - Level 3.2 Armour
   Level 3.2 Shields


You had 4 spell levels left.
You didn't know any spells.

Dungeon Overview and Level Annotations

Branches:
Dungeon (3/15)

Altars:
Ashenzari
The Shining One


Message History

The orc priest shouts!
You hit the orc priest but do no damage.
The orc priest threatens, "By the altar or by the axe, you will meet Beogh!"
The orc priest hits you with a dagger.
You slash the orc priest!
The orc priest is heavily wounded.
The orc priest looks braver for a moment.
You hit the orc priest but do no damage.
The orc priest is heavily wounded.
Your chain mail prevents you from hitting the orc.
The orc priest invokes the aid of Beogh against you.
Beogh smites you! The orc hits you but does no damage.
The orc priest mumbles some strange prayers to Beogh against you.
Beogh smites you!
* * * LOW HITPOINT WARNING * * *
The orc priest invokes the aid of Beogh against you.
You barely resist.
The orc priest calls down the wrath of Beogh upon you.
Pain shoots through your body!
You die...

....# #..# #.#
###.####..######
#.#
#............#
#.#
######..####.#
#.# #..# #.# #.#
#..# #.# #.#
#..# #.# #รท#
#..####.#####.#
#........@.).<#
#........######
#######..#
#o.o...#
#o####.# #. #.#
#o #.# #. #.# #.
#.#


You could see an orc priest.

Vanquished Creatures
  An orc wizard (D:3)
  2 oozes (D:3)
  3 worms
  3 dart slugs
  6 orcs (D:3)
  A ball python (D:1)
  3 giant cockroaches
  9 goblins
  10 hobgoblins
  A quokka (D:3)
  7 bats
  A giant newt (D:1)
  7 kobolds
  6 rats
60 creatures vanquished.

Notes
Turn   | Place    | Note
--------------------------------------------------------------
     0 | D:1      | Kenran the Hill Orc Fighter began the quest for the Orb.
     0 | D:1      | Reached XP level 1. HP: 19/19 MP: 1/1
    70 | D:1      | Reached skill level 3 in Axes
    83 | D:1      | Reached XP level 2. HP: 22/26 MP: 2/2
   226 | D:1      | Reached skill level 4 in Axes
   398 | D:1      | Reached XP level 3. HP: 24/31 MP: 3/3
   763 | D:2      | Reached skill level 5 in Axes
  1463 | D:3      | Reached XP level 4. HP: 37/39 MP: 4/4
  1472 | D:3      | Found a glowing golden altar of the Shining One.
  1589 | D:3      | Found a shattered altar of Ashenzari.
  1660 | D:3      | Reached skill level 6 in Axes
  1894 | D:3      | Reached XP level 5. HP: 45/45 MP: 5/5
  2013 | D:3      | Killed from afar by an orc priest

Skill      XL: |  1  2  3  4 |
---------------+-------------+-----
Axes           | 3 4 5 6 |  6.7
Fighting       | |  3.6
Armour         | |  3.2
Shields        | |  3.2

Action                   |  1- 3 |  4- 6 || total
-------------------------+-------+-------++-------
Melee: War axe           |   119 |    70 ||   189
  Eat: Chunk             |     2 |     2 ||     4
Armor: Scale mail        |    27 |       ||    27
       Chain mail        |    50 |    54 ||   104
Dodge: Dodged            |    44 |    18 ||    62
Block: Shield            |    17 |       ||    17
